 Dungeon Crawl Stone Soup version 0.27-a0-836-gfc908b8576 (webtiles) character file.

Game seed: 6004984533477703544

87 polve the Ruffian (level 4, -3/38 HPs)
             Began as a Draconian Transmuter on Apr 1, 2021.
             Was a Follower of Elyvilon.
             Slain by an orc priest
             ... wielding a +0 flail
              (6 damage)
             ... on level 2 of the Dungeon.
             The game lasted 00:01:52 (3055 turns).

polve the Ruffian (Draconian Transmuter)            Turns: 3055, Time: 00:01:53

Health: -3/38      AC:  6    Str: 13    XL:     4   Next: 28%
Magic:  6/7        EV: 12    Int: 14    God:    Elyvilon [*.....]
Gold:   94         SH:  0    Dex: 11    Spells: 6/7 levels left

rFire    . . .     SeeInvis .     - Unarmed
rCold    . . .     Faith    .   (no shield)
rNeg     . . .     Spirit   .   (armour unavailable)
rPois    .         Reflect  .   (helmet currently unavailable)
rElec    .         Harm     .   o - +0 cloak
rCorr    .         Rampage  .   (no gloves)
Will     .....                  (boots currently unavailable)
Stlth    +.........             (no amulet)
HPRegen  0.12/turn              (no ring)
MPRegen  0.10/turn              (no ring)

@: appendages (expiring)
A: horns 2, talons 2, AC +5, unfitting armour, cold-blooded
a: End Transformation, Renounce Religion, Lesser Healing, Divine Protection


You were on level 2 of the Dungeon.
You worshipped Elyvilon.
Elyvilon was aware of your devotion.
You had temporarily grown beastly horns and talons.
You visited 1 branch of the dungeon, and saw 3 of its levels.

You collected 94 gold pieces.

Inventory:

Armour
 o - a +0 cloak (worn)
Jewellery
 m - a +4 ring of protection
Wands
 h - a wand of paralysis (6)
Scrolls
 a - 2 scrolls of torment {unknown}
 b - a scroll of holy word {unknown}
 c - a scroll of enchant weapon {unknown}
 g - a scroll of identify {unknown}
 i - 2 scrolls of noise {unknown}
 k - 3 scrolls of magic mapping {unknown}
 l - a scroll of amnesia {unknown}
 n - a scroll of silence {unknown}
Potions
 d - a potion of haste {unknown}
 e - a potion of mutation {unknown}
 f - a potion of heal wounds {unknown}
 j - a potion of lignification {unknown}


   Skills:
 + Level 3.3 Fighting
 - Level 1.7 Dodging
 + Level 4.2 Unarmed Combat
 - Level 2.0 Spellcasting
 - Level 2.0 Transmutations


You had 6 spell levels left.
You knew the following spells:

 Your Spells              Type           Power      Damage    Failure   Level
a - Beastly Appendage     Tmut           14%        N/A       11%         1

Your spell library contained the following spells:

 Spells                   Type           Power      Damage    Failure   Level
 Wereblood                Tmut           7%         N/A       16%         2
 Spider Form              Tmut/Pois      2%         N/A       43%         3
 Ice Form                 Ice/Tmut       4%         N/A       83%         4
 Hydra Form               Tmut           3%         N/A       96%         5


Dungeon Overview and Level Annotations

Branches:
Dungeon (3/15)

Altars:
Elyvilon

Shops:
D:2 (


Innate Abilities, Weirdness & Mutations

You have temporarily grown beastly horns and talons.
Your plain brown scales are hard. (AC +5)
You cannot fit into any form of body armour.
You are cold-blooded and may be slowed by cold attacks.


Message History

There is a stone staircase leading down here.
Casting: Beastly Appendage (safe; 11% risk of failure)
Confirm with . or Enter, or press ? or * to list all spells.
You grow a pair of large bovine horns.
Your feet morph into talons.
Your transformation is almost over.
The orc hits you with a +0 flail.
The orc priest hits you with a +0 flail.
You hit the orc priest but do no damage.
You claw the orc priest, but do no damage.
Your tail-slap misses the orc priest.
The orc barely misses you. The orc priest closely misses you.
You hit the orc priest but do no damage.
The orc misses you.
You punch the orc priest!
The orc priest is heavily wounded.
The orc priest invokes the aid of Beogh against you.
Beogh smites you! The orc hits you with a +0 flail.
You closely miss the orc priest. Your headbutt misses the orc priest.
The orc priest is heavily wounded.
The orc priest closely misses you. The orc closely misses you.
You closely miss the orc priest.
The orc priest is heavily wounded.
The orc priest barely misses you. The orc hits you with a +0 flail!
* * * LOW HITPOINT WARNING * * *
You hit the orc priest but do no damage.
The orc priest is heavily wounded.
The orc priest mumbles some strange prayers to Beogh against you.
Pain shoots through your body!
* * * LOW HITPOINT WARNING * * *
You hit the orc priest but do no damage.
The orc priest is heavily wounded.
The orc hits you but does no damage.
The orc priest hits you with a +0 flail.
* * * LOW HITPOINT WARNING * * *
You barely miss the orc priest.
You claw the orc priest, but do no damage.
The orc priest is heavily wounded.
The orc closely misses you.
The orc priest hits you with a +0 flail.
You die...

###.###.........# #.##.....
(..)............# #.##.....
###.##.......(..# #.##.....
#.##..........# #.##.....
###.##..........# #.##.....
.##.##.##.####### #.##.....
.##.#####.....###########.#######
.##.....#.....'...........#
.######.#.....#.@o..####### .#
#.#.....#.o...# ###### .###
#.......#.....# #..... .#.#
#..############ #.#### .#.# #..<#
#.# .#.# #...# #.# .### #...#
#######.#### .## ##...#########
#..........# ..# #............#
#..........#


You could see an orc priest and an orc.

Vanquished Creatures
  Crazy Yiuf (D:2)
  An adder (D:2)
  A worm (D:2)
  4 dart slugs
  4 endoplasms
  A giant cockroach (D:1)
  6 goblins
  3 hobgoblins
  3 kobolds
  A quokka (D:2)
  3 ball pythons (D:2)
  5 bats
  4 rats
37 creatures vanquished.

Vanquished Creatures (others)
  A fungus (D:2)
1 creature vanquished.

Grand Total: 38 creatures vanquished

Notes
Turn   | Place    | Note
-------+----------+-------------------------------------------
     0 | D:1      | polve the Draconian Transmuter began the quest for the Orb.
     0 | D:1      | Reached XP level 1. HP: 16/16 MP: 3/3
   348 | D:1      | Reached XP level 2. HP: 24/24 MP: 3/5
  1362 | D:2      | Reached XP level 3. HP: 27/30 MP: 4/6
  1727 | D:2      | Found Xoriz's Weapon Boutique.
  2213 | D:2      | Found a runed translucent door.
  2214 | D:2      | Noticed Crazy Yiuf
  2329 | D:2      | Found a faded altar of an unknown god.
  2334 | D:2      | Became a worshipper of Elyvilon the Healer
  2334 | D:2      | Reached * piety under Elyvilon
  2519 | D:2      | Killed Crazy Yiuf
  2520 | D:2      | Reached skill level 4 in Unarmed Combat
  2520 | D:2      | Reached XP level 4. HP: 13/38 MP: 7/7
  3055 | D:2      | Slain by an orc priest

Illustrated notes

Levels and vault maps discovered:
D:1:      eino_arrival_cavern_b, layout_basic
D:2:      layout_basic, serial_shops, nicolae_shop_behind_doors,
          chequers_ecumenical_altar_grove, serial_aquarium,
          aquarium_bridge_island_small [aquarium_subvault_small_water,
          aquarium_subvault_window, aquarium_subvault_wall,
          aquarium_subvault_bridge, aquarium_subvault_wall],
          aquarium_window_fake, aquarium_window_2, aquarium_view_2a,
          aquarium_balcony_5b, chequers_serial_rivers_small_a,
          uniq_crazy_yiuf_cottage
D:3:      layout_basic, chequers_serial_rivers_large_b

Skill      XL: |  1  2  3 |
---------------+----------+-----
Fighting       | 2 3 |  3.3
Unarmed Combat | 4 |  4.2
Dodging        | |  1.7
Spellcasting   | |  2.0
Transmutations | |  2.0

Action                   |  1- 3 |  4- 6 || total
-------------------------+-------+-------++-------
Melee: Unarmed           |   117 |    11 ||   128
       Kick              |    16 |     3 ||    19
       Tailslap          |     8 |       ||     8
       Punch             |     1 |       ||     1
       Headbutt          |    13 |       ||    13
 Cast: Beastly Appendage |    26 |     2 ||    28
 Stab: Sleeping          |     1 |       ||     1
Armor: Skin              |    26 |     5 ||    31
Dodge: Dodged            |    65 |    15 ||    80

Table legend: (Time is in decaauts)
 A = Elapsed time spent in this place.
 B = Non-inter-level travel time spent in this place.
 C = Inter-level travel time spent in this place.
 D = Time resting spent in this place.
 E = Time spent auto-exploring this place.
 F = Levels seen in this place.
 G = Mean time per level.
                   A        B        C        D        E       F      G
               +--------+--------+--------+--------+--------+-----+--------+
         Total |   3052 |   2984 |     68 |      0 |   2675 |   3 | 1017.3 |
       Dungeon |   3052 |   2984 |     68 |      0 |   2675 |   3 | 1017.3 |
               +--------+--------+--------+--------+--------+-----+--------+

Top non-repeatable levels by time:
     D:2: 1718 daAuts
     D:1: 1321 daAuts
     D:3: 13 daAuts
